 Dungeon Crawl Stone Soup version 0.27.0-66-gdc8fb28755 (webtiles) character file.

Game seed: 14656024145479605240

9539 hilljack the Geomancer (level 11, -3/60 HPs)
             Began as a Gargoyle Earth Elementalist on Aug 20, 2021.
             Was a Believer of Vehumet.
             Slain by a death yak (20 damage)
             ... on level 9 of the Dungeon on Aug 21, 2021.
             The game lasted 00:29:58 (13248 turns).

hilljack the Geomancer (GrEE)                      Turns: 13248, Time: 00:29:58

Health: -3/60      AC: 17    Str: 13    XL:     11   Next: 48%
Magic:  2/22       EV: 14    Int: 18    God:    Vehumet [**....]
Gold:   102        SH:  4    Dex: 10    Spells: 12/25 levels left

rFire    + . .     SeeInvis .   C - staff of earth
rCold    . . .     Faith    .   F - +0 buckler
rNeg     + . .     Spirit   .   e - +1 steam dragon scales
rPois    ∞         Reflect  .   A - +0 helmet
rElec    +         Harm     .   (no cloak)
rCorr    .         Rampage  .   E - +0 pair of gloves
Will     .....                  s - +0 pair of boots
Stlth    ++........             K - amulet of magic regeneration
HPRegen  0.20/turn              t - ring of flight
MPRegen  0.43/turn              u - ring of protection from fire

@: flying
A: sickness immunity, AC +8, negative energy resistance 1, electricity
resistance, torment resistance 1, petrification resistance
a: Renounce Religion


You were on level 9 of the Dungeon.
You worshipped Vehumet.
Vehumet was pleased with you.
You visited 2 branches of the dungeon, and saw 11 of its levels.

You collected 504 gold pieces.
You spent 402 gold pieces at shops.

Inventory:

Hand Weapons
 f - a +0 quarterstaff of venom
 z - a +6 flail of draining
 G - the +0 whip "Ginwun" {venom, Contam rF+++ Will+ Stlth-}
   (You found it on level 10 of the Dungeon)

   It poisons the flesh of those it strikes.
   rF:        It renders you almost immune to fire.
   Contam:    It causes magical contamination when unequipped.
   Will:      It increases your willpower.
   Stlth:     It makes you less stealthy.
Missiles
 c - 72 stones
 k - 15 poisoned darts
 y - 2 throwing nets
Armour
 e - +1 steam dragon scales (worn)
 s - a +0 pair of boots (worn)
 A - a +0 helmet (worn)
 E - a +0 pair of gloves (worn)
 F - a +0 buckler (worn)
Magical Staves
 B - a staff of cold
 C - a staff of earth (weapon)
Jewellery
 o - a ring of ice
 r - a ring of resist corrosion
 t - a ring of flight (left hand)
 u - a ring of protection from fire (right hand)
 K - an amulet of magic regeneration (around neck)
Wands
 a - a wand of polymorph (10)
 d - a wand of flame (26)
 j - a wand of mindburst (14)
Scrolls
 p - 2 scrolls of teleportation
 v - 2 scrolls of magic mapping
 x - 2 scrolls of identify
 D - 2 scrolls of torment
 H - a scroll of enchant armour
Potions
 b - a potion of heal wounds
 g - a potion of mutation
 h - 3 potions of curing
 i - 3 potions of attraction
 l - 3 potions of haste
 m - 4 potions of flight
 n - 2 potions of invisibility
 q - 2 potions of might
 w - a potion of resistance
 I - a potion of brilliance
Miscellaneous
 J - a condenser vane


   Skills:
 + Level 3.0 Fighting
 + Level 7.1 Dodging
 + Level 4.7 Stealth
 - Level 4.0 Shields
 + Level 7.9 Spellcasting
 + Level 9.0 Conjurations
 - Level 0.7 Transmutations
 + Level 10.7 Earth Magic


You had 12 spell levels left.
You knew the following spells:

 Your Spells              Type           Power      Damage    Failure   Level
a - Sandblast             Erth           100%       2d20      1%          1
b - Passwall              Tmut/Erth      34%        N/A       1%          2
c - Stone Arrow           Conj/Erth      100%       3d13      1%          3
d - Petrify               Tmut/Erth      41%        N/A       10%         4
e - Mephitic Cloud        Conj/Pois/Air  17%        N/A       9%          3

Your spell library contained the following spells:

 Spells                   Type           Power      Damage    Failure   Level
 Freeze                   Ice            28%        1d5       10%         1
 Magic Dart               Conj           100%       1d8       1%          1
 Blink                    Tloc           N/A        N/A       16%         2
 Call Imp                 Summ           7%         N/A       16%         2
 Manifold Assault         Tloc           7%         N/A       95%         5
 Storm Form               Tmut/Air       4%         N/A       100%        7


Dungeon Overview and Level Annotations

Branches:
Dungeon (10/15)            Temple (1/1) D:4            Lair (0/6) D:10
    Orc: D:9-12

Altars:
Ashenzari
Cheibriados
Dithmenos
Elyvilon
Fedhas
Gozag
Hepliaklqana
Kikubaaqudgha
Makhleb
Nemelex Xobeh
Okawaru
Qazlal
Ru
Sif Muna
Trog
Uskayaw
Vehumet
Wu Jian
Xom
Yredelemnul
Zin
The Shining One

Shops:
D:3 (   D:9 *[*

Annotations:
D:10 Fannar


Innate Abilities, Weirdness & Mutations

You are immune to sickness and miasma.
Your stone body is resilient. (AC +8)
You are immune to poison.
You resist negative energy. (rN+)
You are resistant to electric shocks. (rElec)
You are resistant to unholy torment.
You are immune to petrification.


Message History

The death yak is lightly wounded.
You feel a surge of power!
The stone arrow hits the death yak!
The death yak is moderately wounded.
The death yak bellows!
You hear a bellow!
The death yak gores you but does no damage.
You feel a surge of power!
The stone arrow hits the death yak!!
The death yak is heavily wounded.
The death yak bellows!
The death yak barely misses you.
A death yak comes into view.
You feel a surge of power!
The stone arrow hits the death yak!
The death yak is severely wounded.
You block the death yak's attack.
You don't have enough magic to cast this spell.
The death yak gores you!!
You fly upwards.
There is a stone staircase leading down here.
You don't have enough magic to cast this spell.
The death yak snorts and paws the ground.
There is an escape hatch in the ceiling here.
The death yak gores you!
Aiming: Stone Arrow (safe; 1% risk of failure)
Press: ? - help, Q - select action, (/) - cycle Shift-Dir - straight line, f - death yak
Aim: a death yak (severely wounded, 92% to hit)
You feel a surge of power!
The stone arrow hits the death yak!!
The death yak is almost dead.
The death yak gores you but does no damage.
You don't have enough magic to cast this spell.
Unknown command.
You hit the death yak but do no damage.
The death yak is almost dead.
The death yak gores you!!
* * * LOW HITPOINT WARNING * * *
Aiming: Stone Arrow (safe; 1% risk of failure)
Press: ? - help, Q - select action, (/) - cycle Shift-Dir - straight line, f/p - death yak
Aim: a death yak (almost dead, 92% to hit)
You feel a surge of power!
The stone arrow hits the death yak!
The death yak is almost dead.
The death yak gores you!!
You die...

#.##.##.#.#..#..∩...#
#.##.##........#.#[.##
#.......####.##......#
###.#.##.####.........#
##...#.##.##...##.###..#
##8.8.8.##.#.....#.##...#
##.......##.........##.#.#
#8.>.∩.<.8#..............#
##.............@.........#
##8.8#8###....Y....##.#.#
##.#..# ##........##.#.#
#...## ##.....#.##.#.#
###.# ##...##.##.#.# #.#
##.###......# #### #.#
#.######.### # ...# ##.##
##....###.# # ##.#
#...######...<...#.# #


You could see a death yak.

Vanquished Creatures
  Harold (D:7)
  A two-headed ogre (D:9)
  2 death yaks (D:10)
  An unseen horror (D:9)
  A kobold demonologist (D:9)
  A troll (D:10)
  Sigmund (D:5)
  2 wraiths
  13 yaks
  Eustachio (D:4)
  A wyvern (D:10)
  4 steam dragons
  Menkaure (D:5)
  An acid dragon (D:9)
  3 water moccasins
  A sky beast (D:7)
  A black bear (D:7)
  3 ice beasts
  2 orc warriors
  A necrophage (D:7)
  2 centaurs (D:8)
  2 ogres
  A phantom (D:4)
  A kobold brigand (D:9)
  2 bullfrogs
  A wyvern zombie (D:8)
  3 scorpions
  A wyvern skeleton (D:7)
  3 killer bees (D:9)
  3 wights
  An electric eel (D:9)
  A howler monkey (D:7)
  2 centaur zombies (D:9)
  A jelly (D:6)
  3 centaur skeletons (D:7)
  An orc priest (D:6)
  2 bullfrog skeletons
  A gnoll shaman (D:8)
  An iguana (D:4)
  Ijyb (D:5)
  An orc wizard (D:7)
  A killer bee zombie (D:5)
  7 gnolls
  11 adders
  2 shadow imps
  2 white imps
  An ufetubus (D:5)
  An adder skeleton (D:4)
  2 worms
  A dart slug (D:1)
  9 orcs
  5 endoplasms
  2 giant cockroaches
  6 goblins
  8 hobgoblins
  6 jackals
  4 quokkas
  5 ball pythons
  6 bats
  7 frilled lizards
  9 kobolds
  4 rats
175 creatures vanquished.

Vanquished Creatures (others)
  A fungus (D:8)
1 creature vanquished.

Grand Total: 176 creatures vanquished

Notes
Turn   | Place    | Note
-------+----------+-------------------------------------------
     0 | D:1      | hilljack the Gargoyle Earth Elementalist began the quest
                  | for the Orb.
     0 | D:1      | Reached XP level 1. HP: 10/10 MP: 3/3
    63 | D:1      | Reached skill level 4 in Earth Magic
   113 | D:1      | Reached XP level 2. HP: 8/15 MP: 0/5
   158 | D:1      | Reached XP level 3. HP: 6/19 MP: 1/6
   367 | D:1      | Learned a level 2 spell: Passwall
   371 | D:1      | Learned a level 3 spell: Stone Arrow
  1263 | D:2      | Reached skill level 1 in Conjurations
  1263 | D:2      | Reached XP level 4. HP: 24/24 MP: 4/7
  2126 | D:3      | Found Rocyok's Weapon Emporium.
  2300 | D:3      | Noticed a water moccasin
  2314 | D:3      | Killed a water moccasin
  2315 | D:3      | Reached skill level 5 in Earth Magic
  2315 | D:3      | Reached XP level 5. HP: 17/28 MP: 7/9
  2774 | D:3      | Found a faded altar of an unknown god.
  2871 | D:3      | Reached XP level 6. HP: 30/32 MP: 10/10
  3258 | D:4      | Found a staircase to the Ecumenical Temple.
  3265 | Temple   | Entered the Ecumenical Temple
  3562 | Temple   | Became a worshipper of Vehumet
  4249 | D:4      | Learned a level 4 spell: Petrify
  4293 | D:4      | Found a sacrificial altar of Ru.
  4470 | D:5      | Entered Level 5 of the Dungeon
  4472 | D:5      | Noticed an ice beast
  4587 | D:4      | Killed an ice beast
  4588 | D:4      | Reached XP level 7. HP: 19/36 MP: 5/12
  4750 | D:5      | Noticed Menkaure
  4759 | D:5      | Killed Menkaure
  4760 | D:5      | Reached skill level 6 in Earth Magic
  4887 | D:5      | Noticed Sigmund
  4921 | D:5      | Killed Sigmund
  5071 | D:5      | Noticed Eustachio
  5090 | D:4      | Reached XP level 8. HP: 7/41 MP: 11/14
  5358 | D:4      | Killed Eustachio
  5449 | D:4      | Reached skill level 7 in Earth Magic
  5964 | D:5      | Noticed Ijyb
  5971 | D:5      | Reached skill level 5 in Conjurations
  5985 | D:5      | Killed Ijyb
  5985 | D:5      | Reached * piety under Vehumet
  5985 | D:5      | Offered knowledge of Foxfire by Vehumet.
  6991 | D:5      | Reached skill level 5 in Spellcasting
  8106 | D:7      | Identified the +10 battleaxe "Letet" {protect, *Corrode
                  | rElec MP-9 Dex+10}
  8135 | D:7      | Reached XP level 9. HP: 45/45 MP: 13/16
  8248 | D:7      | Reached skill level 8 in Earth Magic
  8456 | D:7      | Reached skill level 5 in Dodging
  9538 | D:8      | Noticed Harold
  9569 | D:7      | Killed Harold
  9570 | D:7      | Reached skill level 9 in Earth Magic
  9570 | D:7      | Reached XP level 10. HP: 15/50 MP: 1/19
 10643 | D:8      | Learned a level 3 spell: Mephitic Cloud
 10953 | D:8      | Reached skill level 10 in Earth Magic
 11230 | D:8      | Reached ** piety under Vehumet
 11230 | D:8      | Offered knowledge of Freeze by Vehumet.
 11617 | D:9      | Found Zoimm's Assorted Antiques.
 11685 | D:9      | Bought a sapphire potion for 27 gold pieces
 11685 | D:9      | Bought a scroll of magic mapping for 105 gold pieces
 11685 | D:9      | Bought a pair of gloves for 135 gold pieces
 11690 | D:9      | Bought a buckler for 135 gold pieces
 11702 | D:9      | Reached skill level 1 in Shields
 11822 | D:9      | Killed an unseen horror
 12152 | D:9      | Noticed a kobold demonologist
 12210 | D:9      | Killed a kobold demonologist
 12511 | D:9      | Found Fogi's Armour Shoppe.
 12541 | D:9      | Found Rumynur's General Store.
 12601 | D:9      | Noticed a two-headed ogre
 12605 | D:9      | Killed a two-headed ogre
 12606 | D:9      | Reached skill level 1 in Fighting
 12606 | D:9      | Reached XP level 11. HP: 57/57 MP: 10/22
 12778 | D:10     | Entered Level 10 of the Dungeon
 12778 | D:10     | Noticed Fannar
 12915 | D:10     | Identified the +0 whip "Ginwun" {venom, Contam rF+++ Will+
                  | Stlth-}
 13133 | D:10     | Found a staircase to the Lair.
 13134 | D:10     | Noticed a death yak
 13134 | D:10     | Noticed a death yak
 13163 | D:10     | Killed a death yak
 13210 | D:10     | Noticed a death yak
 13210 | D:10     | Noticed a death yak
 13211 | D:10     | Noticed a death yak
 13229 | D:10     | Killed a death yak
 13232 | D:10     | Noticed a death yak
 13248 | D:9      | Slain by a death yak

Illustrated notes

Levels and vault maps discovered:
D:1:      co_arrival_square_in_a_square_in_a_square, layout_rooms
D:2:      layout_loops_corners
D:3:      layout_basic, shapermc_ecumenical_altar_totnotflames, serial_shops,
          shop
D:4:      layout_loops_ring, mainiacjoe_overflow_six_doors_small,
          minmay_temple_entry_statues_fountains, minmay_close_crescents
D:5:      layout_rooms, kennysheep_small_square, uniq_menkaure, uniq_ijyb,
          uniq_eustachio, uniq_sigmund
D:6:      layout_cave_pools
D:7:      layout_basic
D:8:      kennysheep_steamy, layout_loops_cross, uniq_harold
D:9:      layout_loops_cross, serial_shops, nicolae_shop_crystal,
          nicolae_stop_n_shop_2, nicolae_inconvenience_store
D:10:     layout_basic, dpeg_lair_monsters, uniq_maurice, uniq_fannar
Temple:   roderic_octagonal_lattice_temple

Skill      XL: |  1  2  3  4  5  6  7  8  9 10 11 |
---------------+----------------------------------+-----
Earth Magic    | 4 5 6 7 9 10 | 10.7
Dodging        | 2 3 4 5 6 7 |  7.1
Conjurations   | 1 2 3 4 5 7 8 9 |  9.0
Spellcasting   | 3 4 5 6 7 |  7.9
Shields        | 4 |  4.0
Stealth        | 3 4 |  4.7
Fighting       | 1 3 |  3.0
Transmutations | |  0.7

Action                   |  1- 3 |  4- 6 |  7- 9 | 10-12 || total
-------------------------+-------+-------+-------+-------++-------
Melee: Whip              |     1 |     1 |       |       ||     2
       Quarterstaff      |       |   110 |    34 |     3 ||   147
       Flail             |       |       |       |    23 ||    23
       Staff             |       |       |       |     5 ||     5
 Cast: Sandblast         |    42 |    30 |   156 |    34 ||   262
       Stone Arrow       |       |       |    10 |   100 ||   110
       Passwall          |       |       |     1 |       ||     1
  Use: Potion            |     1 |       |     2 |       ||     3
       Scroll            |       |    11 |     7 |     7 ||    25
 Stab: Sleeping          |       |     5 |     1 |     1 ||     7
Armor: Robe              |     8 |    52 |    45 |     8 ||   113
       Steam dragon scal |       |       |       |    28 ||    28
Dodge: Dodged            |    10 |   102 |   141 |    55 ||   308
Block: Buckler           |       |       |       |     8 ||     8
